 Dungeon Crawl Stone Soup version 0.30-a0-845-g7c6808c8ce (webtiles) character file.

Game seed: 17250069468179604941

4 jimonade the Chiller (level 1, 0/15 HPs)
             Began as a Naga Ice Elementalist on Mar 2, 2023.
             Slain by a quokka (2 damage)
             ... on level 1 of the Dungeon.
             The game lasted 00:00:38 (115 turns).

jimonade the Chiller (Naga Ice Elementalist)         Turns: 115, Time: 00:00:39

Health: 0/15       AC:  1    Str: 10    XL:     1   Next: 60%
Magic:  1/3        EV:  9    Int: 15    God:
Gold:   0          SH:  0    Dex: 11    Spells: 3/4 levels left

rFire   . . .      SeeInvis +    a - +0 dagger
rCold   . . .      Faith    .    (no shield)
rNeg    . . .      Spirit   .    d - +0 robe
rPois   +          Reflect  .    (no helmet)
rElec   .          Rampage  .    (no cloak)
rCorr   .                        (no gloves)
Will    .....                    (no barding)
Stlth   ++                       (no amulet)
HPRegen 0.22/turn                (no ring)
MPRegen 0.08/turn                (no ring)

@: very slow
A: AC +0, large, see invisible, deformed body, poison resistance, slowness 2,
spit poison 1, naga tail 1
a: Spit Poison


You were on level 1 of the Dungeon.
You visited 1 branch of the dungeon, and saw 1 of its levels.

Inventory:

Hand Weapons
 a - a +0 dagger (weapon)
Armour
 d - a +0 robe (worn)
Scrolls
 c - a scroll of acquirement {unknown}
Potions
 b - a potion of magic


   Skills:
 + Level 1.5 Dodging
 + Level 3.0 Stealth
 + Level 2.0 Spellcasting
 * Level 4.2 Ice Magic


You had 3 spell levels left.
You knew the following spells:

 Your Spells              Type           Power      Damage    Failure   Level
a - Freeze                Ice            56%        1d7       4%          1

Your spell library contained the following spells:

 Spells                   Type           Power      Damage    Failure   Level
 Frozen Ramparts          Ice            28%        1d5       12%         3
 Ozocubu's Armour         Ice            14%        N/A       12%         3
 Summon Ice Beast         Ice/Summ       7%         N/A       67%         4


Dungeon Overview and Level Annotations

Branches:
Dungeon (1/15)

Altars:

Shops:
D:1 =


Innate Abilities, Weirdness & Mutations

Your serpentine skin is tough. (AC +0)
You have supernaturally acute eyesight. (SInv)
Armour fits poorly on your strangely shaped body.
Your system is resistant to poisons. (rPois)
You cover ground very slowly.
You can spit poison.
You have a snake-like lower body.


Message History

a - a +0 dagger (weapon)
You start resting.
Magic restored.
There is an escape hatch in the floor here.
A bat comes into view.
The bat closely misses you. The bat hits you.
You freeze the bat.
The bat is severely wounded.
The bat hits you but does no damage. The bat hits you but does no damage.
The bat barely misses you.
You can't see any susceptible monsters within range! (Use Z to cast anyway.) Unknown command.
The bat hits you but does no damage.
Unknown command.
Unknown command.
You freeze the bat.
You kill the bat!
You see here a bat corpse.
You see here a bat corpse.
A goblin comes into view. It is wielding a +0 dagger.
The goblin shouts!
A quokka comes into view.
An endoplasm comes into view.
You freeze the goblin.
The goblin is heavily wounded.
An endoplasm comes into view.
The goblin hits you with a +0 dagger.
You freeze the goblin!
You kill the goblin!
The endoplasm quivers.
The quokka bites you. The quokka attacks as you move away!
The quokka bites you. The quokka bites you. The quokka bites you.
Found Ymoxiab's Jewellery Shop.
The quokka bites you.
* * * LOW HITPOINT WARNING * * *
You barely miss the quokka. The quokka bites you.
You die...

#.........#.#
..#.#.....#.#.#
..#.........#.#
..#.........#.#
#.#.#.....#.#.#
#.#.........#.#
..#####.#>...>...>#.#
...∩.....>..........#
#@#.##.####.###
#r#.##.####.#
####J#.##.#....#
#....#.##.####.#
#.##J#.##.# #.#
.#.#.#.#.#.###.# #.#
.......)..†....####.#
.#.#.#J#.#.###......#
.........#######.#


You could see 2 endoplasms and a quokka.

Vanquished Creatures
  A bat (D:1)
  2 goblins (D:1)
3 creatures vanquished.

Notes
Turn   | Place    | Note
-------+----------+-------------------------------------------
     0 | D:1      | jimonade the Naga Ice Elementalist began the quest for the
                  | Orb.
     0 | D:1      | Reached XP level 1. HP: 15/15 MP: 3/3
   114 | D:1      | Found Ymoxiab's Jewellery Shop.
   115 | D:1      | Slain by a quokka

Illustrated notes

Levels and vault maps discovered:
D:1:      lemuel_arrival_broad_hall, layout_basic, serial_shops, shop,
          st_stairs_12, minmay_misc_feat_four_crosses

Action                     || total
---------------------------++-------
  Melee: Dagger            ||     1
   Cast: Freeze            ||     7
 Armour: Robe              ||     3
  Dodge: Dodged            ||     4

Table legend: (Time is in decaauts)
 A = Elapsed time spent in this place.
 B = Non-inter-level travel time spent in this place.
 C = Inter-level travel time spent in this place.
 D = Time resting spent in this place.
 E = Time spent auto-exploring this place.
 F = Levels seen in this place.
 G = Mean time per level.
                   A        B        C        D        E       F      G
               +--------+--------+--------+--------+--------+-----+--------+
         Total |    138 |    138 |      0 |     24 |     67 |   1 |  138.0 |
       Dungeon |    138 |    138 |      0 |     24 |     67 |   1 |  138.0 |
               +--------+--------+--------+--------+--------+-----+--------+

Top non-repeatable levels by time:
     D:1: 138 daAuts
